 Dungeon Crawl Stone Soup version 0.31-a0-986-g5e6e4ef867 (webtiles) character file.

Game seed: 3771787204099876647

100 ytrimaz the Sneak (level 4, -1/42 HPs)
             Began as an Octopode Shapeshifter on Nov 15, 2023.
             Slain by an orc
             ... wielding a +0 flail
              (4 damage)
             ... on level 3 of the Dungeon.
             The game lasted 00:03:12 (2135 turns).

ytrimaz the Sneak (Octopode Shapeshifter)           Turns: 2135, Time: 00:03:12

Health: -1/42      AC: 22    Str: 13    XL:     4   Next: 73%
Magic:  4/4        EV:  2    Int: 12    God:
Gold:   142        SH:  5    Dex: 13    Spells: 3/3 levels left

rFire   . .          .
                       - Unarmed
rCold   . . .        (no shield)
rNeg    . . .        (helmet currently unavailable)
rPois   +            r - amulet of reflection
rElec   .            (no ring)
rCorr   .            (no ring)
SInv    .            (no ring)
Will    .....        (no ring)
Stlth   +++          (no ring)
HPRegen 0.27/turn    (no ring)
MPRegen 0.09/turn    (no ring)
                     (no ring)

%: reflection
@: tree-form
A: stationary, stasis, torment immunity, boosted hp, almost no armour,
(amphibious), 8 rings, (camouflage 1), (gelatinous body 1), (nimble swimmer 1),
(tentacles)
a: no special abilities


You were on level 3 of the Dungeon.
You were a tree.
You visited 1 branch of the dungeon, and saw 3 of its levels.

You collected 142 gold pieces.


Innate Abilities, Weirdness & Mutations

You are a tree.
Your roots penetrate the ground, keeping you stationary.
You cannot be teleported.
You are immune to unholy pain and torment.
Your maximum health is greatly increased.
You cannot wear most types of armour.
((You are amphibious.))
You can wear up to eight rings at the same time.
((Your skin changes colour to match your surroundings (Stealth+).))
((Your rubbery body absorbs attacks. (AC +1, EV +1)))
((You are camouflaged when in or above water. (Stealth+)))
((You have tentacles for arms and can constrict up to eight enemies at once.))


   Skills:
 - Level 1.0 Fighting
 - Level 2.0 Dodging
 + Level 4.2 Stealth
 - Level 3.0 Unarmed Combat
 + Level 4.1 Shapeshifting


You had 3 spell levels left.
You didn't know any spells.
Your spell library was empty.

Inventory:

Jewellery
 e - a ring of fire
   (You found it on level 1 of the Dungeon)
 r - an amulet of reflection (around neck)
   (You found it on level 3 of the Dungeon)
Talismans
 b - a beast talisman
 c - a flux talisman
Wands
 o - a wand of flame (17)
   (You found it on level 3 of the Dungeon)
Scrolls
 d - 3 scrolls of enchant weapon {unknown}
 f - a scroll of enchant armour {unknown}
 g - 2 scrolls of vulnerability {unknown}
 i - a scroll of teleportation {unknown}
 l - 2 scrolls of torment {unknown}
 n - a scroll of identify {unknown}
 q - a scroll of fog
Potions
 h - 3 potions of resistance {unknown}
 j - a potion of heal wounds {unknown}
 k - a potion of haste {unknown}
 m - a potion of curing {unknown}
 p - a potion of enlightenment {unknown}

Dungeon Overview and Level Annotations

Branches:
Dungeon (3/15) Zot: 15870

Altars:
Fedhas

Shops:
D:1

= .# #.# ########## ###.#
.........# #...#####
.........# #...#...#
.........### #...#...####
...........# #...#......#
...........###...#...o..#
...............h♣#.......
................ooo......
.#..............oo....##.
.#..............†.....#
...........!.............
.#.†.................##..
.#######......#....### .
.### #......#....# ...#
.....##.#....#


You could see a hound, an orc priest, an orc wizard and 3 orcs.


Message History

Found a shiny silver wand.
Found a stone staircase leading up.
The helpless giant cockroach fails to defend itself.
You tentacle-slap the giant cockroach. Your grab misses the giant cockroach.
You squeeze the giant cockroach.
The giant cockroach completely misses you.
You closely miss the giant cockroach. You grab the giant cockroach.
You squeeze the giant cockroach, but do no damage.
You constrict the giant cockroach.
You kill the giant cockroach!
No target in view!
o - a wand of flame (17)
A hobgoblin is nearby!
A hobgoblin is nearby!
A rat comes into view.
You tentacle-slap the hobgoblin. You grab the hobgoblin.
You squeeze the hobgoblin.
You kill the hobgoblin!
There is a stone staircase leading up, spattered with blood here.
A rat is nearby!
A rat is nearby!
A rat is nearby!
The rat twitches its whiskers.
You barely miss the rat. Your grab misses the rat. The rat barely misses you.
You tentacle-slap the rat. You grab the rat. You constrict the rat.
You kill the rat!
You see here a rat corpse.
No target in view!
h - 3 fuming emerald potions (gained 1)
p - a bubbling pink potion
Found a stone staircase leading down.
q - a scroll of fog You now have 133 gold pieces (gained 7).
r - an amulet of reflection
g - 2 scrolls labelled XOEDAEDOMU (gained 1)
A rat comes into view.
A rat is nearby!
A rat is nearby!
A rat is nearby!
You start putting on your amulet.
You continue putting on your amulet of reflection. x5
You finish putting on your amulet of reflection.
You feel a shielding aura gather around you.
r - an amulet of reflection (around mantle)
You closely miss the rat. Your grab misses the rat. You squeeze the rat.
You kill the rat!
No target in view!
You see here a rat corpse.
No target in view!
No target in view!
You now have 142 gold pieces (gained 9).
A hobgoblin comes into view.
A hobgoblin is nearby!
A hobgoblin is nearby!
A hobgoblin is nearby!
A hobgoblin is nearby!
An orc wizard, a hound and an orc come into view.
There are monsters nearby!
An orc and an orc priest come into view.
The orc shouts!
The orc priest shouts!
The hobgoblin closely misses you.
The orc wizard shouts!
The orc shouts!
You tentacle-slap the hobgoblin. You grab the hobgoblin.
You constrict the hobgoblin.
You kill the hobgoblin!
You hear a shout!
The orc wizard gestures at you while chanting.
You resist with some effort.
The orc priest casts a cantrip, but nothing happens.
An orc comes into view. It is wielding a +0 club.
The orc shouts!
Okay, then.
The hound closely misses you. The hound bites you.
The orc priest hits you with a +0 club. 😕 HP[-6]
You take 6 damage, and now have 22/28 hp.
MASSIVE DAMAGE!! (PAUSE)
Okay, then.
The hound attacks as it pursues you! The hound bites you.
The orc attacks as it pursues you! The orc hits you with a +0 flail!
* * * LOW HITPOINT WARNING * * *
😨 HP[-10]
You take 10 damage, and now have 12/28 hp.
MASSIVE DAMAGE!! (PAUSE)
Okay, then.
The hound barely misses you.
Unknown command.
Okay, then.
The hound barely misses you.
Unknown command.
Your transformation has ended.
You turn into a tree.
Your roots penetrate the ground.
You block the hound's attack. The orc completely misses you.
The hound barely misses you. You block the orc wizard's attack.
The orc priest invokes the aid of Beogh against you.
Beogh smites you!
* * * LOW HITPOINT WARNING * * *
😱 HP[-9]
You now have 42 max hp (+14).
You hit the orc. The orc hits you with a +0 flail.
You die...

Skill      XL: |  1  2  3  4 |
---------------+-------------+-----
Stealth        | 1 2 3 4 |  4.2
Shapeshifting  | 4 |  4.1
Fighting       | |  1.0
Dodging        | |  2.0
Unarmed Combat | |  3.0

Action                     |  1- 3 |  4- 6 || total
---------------------------+-------+-------++-------
  Melee: Unarmed           |    52 |    48 ||   100
         Constrict         |    15 |    16 ||    31
         Tentacles         |     7 |     9 ||    16
         Punch             |     1 |       ||     1
    Use: Scroll            |     1 |       ||     1
         Potion            |       |     1 ||     1
   Stab: Sleeping          |    10 |    12 ||    22
         Distracted        |       |     2 ||     2
 Armour: Skin              |    23 |    20 ||    43
  Dodge: Dodged            |    32 |    26 ||    58
  Block: Other             |       |     2 ||     2

Levels and vault maps discovered:
D:1:      dpeg_arrival_tiny_a, layout_basic, serial_shops,
          nicolae_shop_window_shopping
D:2:      layout_basic, basic_altar
D:3:      layout_basic, basic_ecumenical_altar, uniq_natasha

Notes
Turn   | Place    | Note
-------+----------+-------------------------------------------
     0 | D:1      | ytrimaz the Octopode Shapeshifter began the quest for the
                  | Orb.
     0 | D:1      | Reached XP level 1. HP: 13/13 MP: 1/1
     0 | D:1      | magus.rc [v1.9.6]
    50 | D:1      | Reached skill level 1 in Stealth
    71 | D:1      | Reached XP level 2. HP: 18/18 MP: 2/2
   215 | D:1      | Reached skill level 2 in Stealth
   460 | D:1      | Reached XP level 3. HP: 23/23 MP: 3/3
   659 | D:1      | Found Gaumat's Jewellery Shop.
   741 | D:1      | Reached skill level 3 in Stealth
  1007 | D:2      | Reached XP level 4. HP: 28/28 MP: 4/4
  1237 | D:2      | Found a blossoming altar of Fedhas.
  1636 | D:2      | Reached skill level 4 in Shapeshifting
  1826 | D:3      | Reached skill level 4 in Stealth
  1830 | D:3      | HP: 6/28 [orc/+0 hand axe (3)]
  1998 | D:3      | Found a faded altar of an unknown god.
  2134 | D:3      | HP: 3/42 [orc priest/divine providence (16)]
  2135 | D:3      | Slain by an orc

Vanquished Creatures
  2 adders (D:2)
  A worm (D:2)
  2 dart slugs
  4 orcs (D:3)
  4 ball pythons
  6 bats
  7 endoplasms
  5 giant cockroaches
  5 goblins
  5 hobgoblins
  8 jackals (D:1)
  2 kobolds
  3 quokkas
  A frilled lizard (D:1)
  3 rats (D:3)
58 creatures vanquished.

Table legend:
 A = Non-vault XP
 B = Vault XP
 C = Vault XP percentage of total XP
 D = Non-vault monster count
 E = Vault monster count
 F = Vault count percentage of total count
                 A         B        C        D         E       F
            +---------+---------+-------+---------+---------+-------
      Total |     143 |       0 |   0.0 |      58 |       0 |   0.0
            +---------+---------+-------+---------+---------+-------
        D:1 |      54 |       0 |   0.0 |      27 |       0 |   0.0
        D:2 |      63 |       0 |   0.0 |      18 |       0 |   0.0
        D:3 |      26 |       0 |   0.0 |      13 |       0 |   0.0
            +---------+---------+-------+---------+---------+-------

Skill      XL: |  1  2  3  4 |
---------------+-------------+-----
Stealth        | 1 2 3 4 |  4.2
Shapeshifting  | 4 |  4.1
Fighting       | |  1.0
Dodging        | |  2.0
Unarmed Combat | |  3.0

Action                     |  1- 3 |  4- 6 || total
---------------------------+-------+-------++-------
  Melee: Unarmed           |    52 |    48 ||   100
         Constrict         |    15 |    16 ||    31
         Tentacles         |     7 |     9 ||    16
         Punch             |     1 |       ||     1
    Use: Scroll            |     1 |       ||     1
         Potion            |       |     1 ||     1
   Stab: Sleeping          |    10 |    12 ||    22
         Distracted        |       |     2 ||     2
 Armour: Skin              |    23 |    20 ||    43
  Dodge: Dodged            |    32 |    26 ||    58
  Block: Other             |       |     2 ||     2

Illustrated notes

Table legend:
 A = Kills in this place as a percentage of kills in the entire game.
 B = Kills by you in this place as a percentage of kills by you in the entire game.
 C = Kills by friends in this place as a percentage of kills by friends in the entire game.
 D = Other kills in this place as a percentage of other kills in the entire game.
 E = Experience gained in this place as a percentage of experience gained in the entire game.
 F = Experience gained in this place divided by the number of levels of this place that you have seen.
                   A       B       C       D       E      F
               +-------+-------+-------+-------+-------+----------------------
         Total | 100.0 | 100.0 |   N/A |   N/A | 100.0 |  47.7
       Dungeon | 100.0 | 100.0 |   N/A |   N/A | 100.0 |  47.7
               +-------+-------+-------+-------+-------+----------------------

Table legend: (Time is in decaauts)
 A = Elapsed time spent in this place.
 B = Non-inter-level travel time spent in this place.
 C = Inter-level travel time spent in this place.
 D = Time resting spent in this place.
 E = Time spent auto-exploring this place.
 F = Levels seen in this place.
 G = Mean time per level.
                   A        B        C        D        E       F      G
               +--------+--------+--------+--------+--------+-----+--------+
         Total |   2129 |   2081 |     48 |      0 |   1671 |   3 |  709.7 |
       Dungeon |   2129 |   2081 |     48 |      0 |   1671 |   3 |  709.7 |
               +--------+--------+--------+--------+--------+-----+--------+

Top non-repeatable levels by time:
     D:2: 880 daAuts
     D:1: 874 daAuts
     D:3: 374 daAuts
